 Dungeon Crawl Stone Soup version 0.15-a0-1914-g8cb84b8 (webtiles) character file.

593 Valtus the Grappler (level 7, -4/67 HPs)
             Began as a Troll Monk on July 6, 2014.
             Slain by a gnoll
             ... wielding a +0 halberd
              (8 damage)
             ... on Level 5 of the Dungeon.
             The game lasted 00:14:32 (3263 turns).

Valtus the Grappler (Troll Monk)                    Turns: 3263, Time: 00:14:32

HP  -4/67        AC  5     Str 20      XL: 7   Next: 16%
MP   3/3         EV 11     Int  6      God:
Gold 177         SH  0     Dex 14      Spells:  0 memorised,  6 levels left

rFire  . . .     SeeInvis .       - Unarmed
rCold  . . .     Clarity  .     a - +0 robe
rNeg   . . .     rCorr    .     (shield restricted)
rPois  .         rRot     .     (helmet restricted)
rElec  .         Spirit   .     (no cloak)
SustAb .         Warding  .     (gloves unavailable)
rMut   .         Stasis   .     (boots unavailable)
Gourm  +                        (no amulet)
MR     .....                    (no ring)
                                (no ring)

@: not resistant to hostile enchantments, unstealthy
A: unfitting armour, claws 3, fast metabolism 3, gourmand, regeneration 2,
saprovore 2, shaggy fur 1, tough skin 2
a: no special abilities


You were on level 5 of the Dungeon.
You were very hungry.

You visited 1 branch of the dungeon, and saw 5 of its levels.

You collected 177 gold pieces.

Inventory:

Armour
 a - a +0 robe (worn)
 d - a +0 pair of gloves
Magical devices
 l - a wand of frost (10) {unknown}
Comestibles
 b - 2 meat rations
 i - a chunk of bat flesh
 m - 3 bread rations
 p - 3 rotting chunks of gnoll flesh
 s - a rotting chunk of worker ant flesh
 t - a chunk of rat flesh
 x - a chunk of iguana flesh
Scrolls
 e - 2 scrolls of teleportation {unknown}
 f - 4 scrolls of remove curse {unknown}
 g - 2 scrolls of immolation {unknown}
 h - 2 scrolls of magic mapping {unknown}
 k - a scroll of random uselessness {unknown}
 u - a scroll of enchant weapon {unknown}
 v - a scroll of noise {unknown}
Jewellery
 r - an uncursed amulet of the gourmand {unknown}
Potions
 c - 4 potions of curing {unknown}
 j - 4 potions of might {unknown}
 n - a potion of brilliance {unknown}
 q - 2 potions of lignification {unknown}
 w - a potion of heal wounds {unknown}
Books
 o - a book of Callings

   Spells                             Type                      Level
   Summon Small Mammal                Summoning                    1
   Call Imp                           Summoning                    2
   Call Canine Familiar               Summoning                    3
   Summon Guardian Golem              Hexes/Summoning              4
   Summon Lightning Spire             Summoning/Air                4
   Summon Ice Beast                   Ice/Summoning                4
Magical staves
 y - an uncursed staff of power {unknown}


   Skills:
 - Level 3.0 Fighting
 - Level 3.0 Dodging
 - Level 1.2 Stealth
 + Level 8.1 Unarmed Combat


You had 6 spell levels left.
You didn't know any spells.

Dungeon Overview and Level Annotations

Branches:
Dungeon (5/15)
 Temple: D:4-7

Altars:
Dithmenos
Kikubaaqudgha
Xom

Shops:
D:4 !

Annotations:
D:3 catsarecewl's ghost, average GrFi


Innate Abilities, Weirdness & Mutations

You are too large for most types of armour.
You have claws for hands.
Your metabolism is lightning-fast.
You like to eat raw meat.
You heal very quickly.
You can eat rotten meat.
You are covered in fur (AC +1).
You have very tough skin (AC +2).


Message History

The gnoll hits you.
* * * LOW HITPOINT WARNING * * *
You are feeling very hungry.
The gnoll misses you.
You open the door. The gnoll barely misses you. The gnoll hits you.
* * * LOW HITPOINT WARNING * * *
The gnoll barely misses you. The gnoll hits you.
* * * LOW HITPOINT WARNING * * *
There is an open door here.
You mangle the gnoll!!
You kill the gnoll!
The gnoll misses you.
The orc priest invokes the aid of Beogh against you.
Something smites you!
* * * LOW HITPOINT WARNING * * *
The gnoll closely misses you. The gnoll barely misses you.
You feel yourself speed up.
The gnoll hits you from afar with a halberd!
You die...

.......<..# .....)....#
........<.# ##....##'##
#....##.# ################
##+#####.##+###...............
.....................>########
[....###........##..#.#
.....###......g.@.<.#.#
..............g###..#.#
(....####....o......#.# .....#
###'###.###.#.# .....# #.#
#.......# .....# #.# #####.###
.....# #.# #.#
.....######o#######.#
..........)w........#


You could see an orc priest and 2 gnolls.

Vanquished Creatures
  A hound (D:4)
  3 orc priests (D:4)
  3 orc wizards
  2 iguanas
  A gnoll shaman (D:4)
  A black bear skeleton (D:5)
  2 worker ants (D:4)
  6 adders
  9 gnolls
  3 giant geckos
  11 orcs
  10 bats
  3 giant cockroaches
  6 goblins
  6 hobgoblins
  2 quokkas (D:2)
  5 giant newts
  A jackal skeleton (D:5)
  7 kobolds
  2 kobold skeletons (D:4)
  8 rats
  A rat skeleton (D:4)
93 creatures vanquished.

Notes
Turn   | Place    | Note
--------------------------------------------------------------
     0 | D:1      | Valtus, the Troll Monk, began the quest for the Orb.
     0 | D:1      | Reached XP level 1. HP: 22/22 MP: 1/1
   362 | D:1      | Reached XP level 2. HP: 29/29 MP: 1/1
   970 | D:2      | Reached XP level 3. HP: 36/36 MP: 2/2
  1243 | D:2      | Reached XP level 4. HP: 41/44 MP: 2/2
  1757 | D:3      | Found an ancient bone altar of Kikubaaqudgha.
  1879 | D:3      | Found a shimmering altar of Xom.
  2098 | D:3      | Noticed catsarecewl's ghost (average GrFi)
  2145 | D:4      | Found Tuawkit's Distillery.
  2238 | D:4      | Reached skill level 5 in Unarmed Combat
  2256 | D:4      | Reached XP level 5. HP: 20/53 MP: 2/2
  2412 | D:4      | Reached skill level 6 in Unarmed Combat
  2559 | D:4      | Reached XP level 6. HP: 48/61 MP: 3/3
  2601 | D:4      | Reached skill level 7 in Unarmed Combat
  2646 | D:4      | Found a shadowy altar of Dithmenos.
  3098 | D:5      | Entered Level 5 of the Dungeon
  3130 | D:5      | Reached XP level 7. HP: 59/67 MP: 3/3
  3230 | D:5      | Reached skill level 8 in Unarmed Combat
  3259 | D:5      | HP: 2/67 [orc priest/divine providence (13)]
  3263 | D:5      | Slain by a gnoll

Action                   |  1- 3 |  4- 6 |  7- 9 || total
-------------------------+-------+-------+-------++-------
Melee: Unarmed           |    92 |   135 |    12 ||   239
 Stab: Sleeping          |     1 |     4 |       ||     5
  Eat: Chunk             |     3 |    12 |       ||    15
       Meat ration       |     1 |     1 |       ||     2
       Fruit             |       |     1 |       ||     1
